 Dungeon Crawl Stone Soup version 0.17.0-1-g61d176b (webtiles) character file.

5971 TruthSerum the Fighter (level 10, -8/69 HPs)
             Began as a Gargoyle Fighter on Nov 7, 2015.
             Was a Priest of Okawaru.
             Killed from afar by a necromancer (26 damage)
             ... with a bolt of cold
             ... on level 9 of the Dungeon.
             The game lasted 00:37:05 (8591 turns).

TruthSerum the Fighter (Gargoyle Fighter)           Turns: 8591, Time: 00:37:05

Health: -8/69      AC: 26    Str: 19    XL:     10   Next: 84%
Magic:  14/14      EV:  3    Int: 10    God:    Okawaru [***...]
Gold:   614        SH: 10    Dex: 12    Spells: 0 memorised, 9 levels left

rFire  . . .     SeeInvis .     a - +1 flail
rCold  . . .     Clarity  .     k - +0 plate armour (curse)
rNeg   + . .     SustAt   .     c - +0 shield
rPois  ∞         Gourm    .     g - +2 hat
rElec  +         Spirit   .     y - +0 cloak
rCorr  +         Warding  .     (no gloves)
rMut   .         Stasis   .     (no boots)
MR     .....                    m - amulet of resist corrosion
Stlth  ..........               (no ring)
                                v - +2 ring of dexterity

@: not resistant to hostile enchantments, extremely unstealthy
A: claws 1, thin metallic scales 1, yellow scales 1, clumsy 1, mutation
resistance 1, negative energy resistance 1, electricity resistance, slow
regeneration 1, unbreathing, petrification resistance, rot immunity, AC +7
a: Heroism, Renounce Religion


You were on level 9 of the Dungeon.
You worshipped Okawaru.
Okawaru was most pleased with you.
You were not hungry.

You visited 2 branches of the dungeon, and saw 10 of its levels.

You collected 614 gold pieces.

Inventory:

Hand Weapons
 a - a +1 flail (weapon)
Missiles
 t - 5 tomahawks of returning (quivered)
Armour
 c - a +0 shield (worn)
 g - a +2 hat (worn)
 k - a cursed +0 plate armour (worn)
 y - a +0 cloak (worn)
Jewellery
 m - an amulet of resist corrosion (around neck)
 v - a +2 ring of dexterity (left claw)
 E - an uncursed amulet of stasis {unknown}
Wands
 h - a wand of flame (47)
Scrolls
 b - a scroll of noise
 d - a scroll of blinking
 l - a scroll of amnesia
 o - a scroll of enchant weapon
 q - 5 scrolls of remove curse
Potions
 f - a potion of berserk rage
 n - a potion of resistance
 p - 3 potions of curing
 r - 2 potions of brilliance
 w - a potion of flight
 A - a potion of cancellation
 B - a potion of haste
 C - a potion of cure mutation {unknown}
 D - a potion of ambrosia
Comestibles
 e - 8 bread rations
 i - 9 chunks of flesh
 j - 3 slices of pizza
 s - 2 meat rations
 u - 7 beef jerkies
 x - 12 fruits
 z - a royal jelly


   Skills:
 + Level 11.1 Fighting
 + Level 10.1 Maces & Flails
 - Level 4.9 Armour
 - Level 5.0 Shields
 + Level 6.5 Invocations


You had 9 spell levels left.
You didn't know any spells.

Dungeon Overview and Level Annotations

Branches:
Dungeon (9/15)             Temple (1/1) D:7            Lair (0/8) D:8
    Orc: D:9-12

Altars:
Ashenzari
Cheibriados
Dithmenos
Elyvilon
Fedhas
Gozag
Kikubaaqudgha
Makhleb
Nemelex Xobeh
Okawaru
Qazlal
Ru
Sif Muna
Trog
Vehumet
Xom
Yredelemnul
Zin
The Shining One


Innate Abilities, Weirdness & Mutations

You are resistant to torment.
Your stone body is resilient (AC +7).
You are immune to poison.
You resist negative energy.
You are resistant to electric shocks.
You can survive without breathing.
You are immune to petrification.
You are immune to rotting.
You have sharp fingernails.
You are partially covered in thin metallic scales (AC +2).
You are partially covered in yellow scales (AC +2).
You are clumsy. (Dex -2)
You are somewhat resistant to further mutation.
You regenerate slowly when monsters are visible.


Message History

* * * LOW HITPOINT WARNING * * *
A giant frog zombie comes into view.
You are too injured to fight recklessly!
You are too injured to fight recklessly!
You are too injured to fight recklessly!
You are too injured to fight recklessly!
You are too injured to fight recklessly!
You closely miss the wight. The wight hits you but does no damage.
The wight hits you but does no damage.
Your shield and plate armour prevent you from hitting the wight.
You block its attack.
You hit the wight but do no damage. You block the wight's attack.
The wight hits you but does no damage. Something hits you but does no damage.
You barely miss the wight. Something hits you.
* * * LOW HITPOINT WARNING * * *
You feel like a meek peon again.
You hear some strange, mumbled words.
A bolt of cold appears from out of thin air!
The bolt of cold hits you!
You die...

#.........).......#
#........######.((#
#........#....#...##
##.......#....#(....
#.....#.#....#.....
#+######....?###....')....
.............########.....
..........).#.##.........
........@....|.##........
###....z...#.##.........
#...z....###.......###
##.Z#....##........# # #
#.Z#...##########.### #.
#.##n #Z.#...# #....
###.#Z#Z###Z.#...# #....
....Z.ZZ.....#...# #....
.....Z.Z.Z...#...# #....


You could see 2 wights, a giant frog zombie, a worker ant zombie, a giant frog
skeleton and a centaur skeleton.

Vanquished Creatures
  The ghost of odiv the Frost Mage, a novice DgIE (D:7)
  A troll (D:9)
  The ghost of gw the Skirmisher, an amateur HuAK of Lugonu (D:5)
  2 flying skulls (D:9)
  A wyvern (D:9)
  2 yaks (D:8)
  A hungry ghost (D:7)
  6 sky beasts
  An orc warrior (D:8)
  A porcupine (D:8)
  2 phantoms (D:5)
  3 ice beasts
  The ghost of gw the Ducker, an amateur NaGl of Makhleb (D:3)
  A black bear (D:7)
  A necrophage (D:8)
  6 centaurs
  4 ogres
  A big kobold (D:7)
  A giant frog (D:7)
  3 scorpions
  A water moccasin zombie (D:9)
  6 killer bees (D:8)
  2 centaur zombies
  9 hounds
  Crazy Yiuf (D:4)
  4 giant frog skeletons
  5 orc priests
  A centaur skeleton (D:5)
  3 crimson imps
  A jelly (D:5)
  3 iguanas
  Terence (D:2)
  5 orc wizards
  A hell rat (D:8)
  5 worker ants
  A hound zombie (D:8)
  2 worker ant zombies
  2 gnolls
  6 adders
  A river rat (D:8)
  A shadow imp (D:9)
  An ooze (D:1)
  3 adder skeletons
  A worm (D:2)
  4 giant geckos
  30 orcs
  8 giant cockroaches
  4 goblins
  7 hobgoblins
  7 quokkas
  5 bats
  2 giant gecko skeletons
  3 giant newts
  4 jackals (D:1)
  A jackal zombie (D:9)
  12 kobolds
  A quokka skeleton (D:6)
  5 rats
199 creatures vanquished.

Notes
Turn   | Place    | Note
--------------------------------------------------------------
     0 | D:1      | TruthSerum the Gargoyle Fighter began the quest for the Orb.
     0 | D:1      | Reached XP level 1. HP: 14/14 MP: 1/1
   218 | D:1      | Reached XP level 2. HP: 19/19 MP: 2/2
   830 | D:2      | Reached XP level 3. HP: 23/23 MP: 3/3
   921 | D:2      | Noticed Terence
   933 | D:2      | Killed Terence
   933 | D:2      | Reached XP level 4. HP: 25/29 MP: 4/4
   934 | D:2      | Reached skill level 4 in Shields
  1417 | D:2      | You fall through a shaft!
  1451 | D:3      | Reached XP level 5. HP: 31/33 MP: 5/5
  1692 | D:3      | Noticed gw's ghost (amateur NaGl)
  1701 | D:3      | Killed gw's ghost
  1811 | D:3      | Reached XP level 6. HP: 39/39 MP: 6/6
  2358 | D:4      | Gained mutation: You are somewhat resistant to further mutation. [potion of mutation]
  2358 | D:4      | Gained mutation: You have sharp fingernails. [potion of mutation]
  2480 | D:4      | Reached skill level 5 in Fighting
  2480 | D:4      | Reached skill level 5 in Shields
  2480 | D:4      | Reached XP level 7. HP: 16/44 MP: 7/7
  2997 | D:4      | Noticed Crazy Yiuf
  3007 | D:4      | Killed Crazy Yiuf
  3283 | D:5      | Entered Level 5 of the Dungeon
  3432 | D:5      | Reached skill level 6 in Fighting
  3432 | D:5      | Reached skill level 5 in Maces & Flails
  3560 | D:5      | Reached XP level 8. HP: 46/52 MP: 8/8
  3602 | D:5      | Noticed gw's ghost (amateur HuAK)
  3622 | D:5      | Killed gw's ghost
  3622 | D:5      | Reached skill level 7 in Fighting
  3979 | D:5      | Reached skill level 8 in Fighting
  3983 | D:5      | Gained mutation: You are clumsy. (Dex -2) [mutagenic meat]
  3984 | D:5      | Gained mutation: You regenerate slowly when monsters are visible. [mutagenic meat]
  4205 | D:5      | Reached XP level 9. HP: 57/59 MP: 9/9
  4822 | D:6      | Found an iron altar of Okawaru.
  4876 | D:6      | Became a worshipper of Warmaster Okawaru
  5104 | D:6      | Reached skill level 9 in Fighting
  5621 | D:7      | Noticed odiv's ghost (novice DgIE)
  5645 | D:7      | Killed odiv's ghost
  5645 | D:7      | Reached * piety under Okawaru
  5650 | D:7      | HP: 4/91 [black bear (2)]
  6028 | D:7      | Gained mutation: You are partially covered in yellow scales (AC +2). [mutagenic meat]
  6102 | D:7      | Reached XP level 10. HP: 53/68 MP: 12/12
  6272 | D:7      | Reached skill level 10 in Fighting
  6376 | D:7      | Found a staircase to the Ecumenical Temple.
  6383 | Temple   | Entered the Ecumenical Temple
  6648 | D:7      | Reached ** piety under Okawaru
  7084 | D:8      | Gained mutation: You are partially covered in thin metallic scales (AC +2). [mutagenic meat]
  7317 | D:8      | Reached skill level 5 in Invocations
  7441 | D:8      | Found a staircase to the Lair.
  8119 | D:8      | Found a deep blue altar of Sif Muna.
  8339 | D:9      | Reached *** piety under Okawaru
  8339 | D:9      | Reached skill level 11 in Fighting
  8339 | D:9      | Reached skill level 10 in Maces & Flails
  8547 | D:9      | Noticed a necromancer
  8591 | D:9      | Killed from afar by a necromancer

Action                   |  1- 3 |  4- 6 |  7- 9 | 10-12 || total
-------------------------+-------+-------+-------+-------++-------
Melee: Flail             |   121 |   168 |   524 |   369 ||  1182
Invok: Heroism           |       |       |     1 |     4 ||     5
  Use: Potion            |       |     2 |     4 |     1 ||     7
       Scroll            |       |     6 |    11 |     4 ||    21
  Eat: Chunk             |       |     6 |    21 |    12 ||    39
       Pizza             |       |       |     1 |       ||     1
       Bread ration      |       |       |       |     1 ||     1
